Workbook

Sheet FINES Y MEDIOS
A1: MINISTERIO DE AMBIENTE, VIVIENDA Y DESARROLLO TERRITORIAL
A2: DIRECCION DESARROLLO TERRITORIAL - SEGUIMIENTO DE POLITICA PUBLICA - LEY 388 DE 1997
A3: ARTICULACIÓN DE FINES Y MEDIOS POT DE MEDELLÍN (ACUERDO 48 DE 2014) - MEDIANO PLAZO
G5: DIA | J5: MES | M5: AÑO
A7: DEPARTAMENTO | F7: MUNICIPIO
A8: ANTIOQUIA | F8: MEDELLÍN
A9: TIPO DE PLAN | C9: (Señale con "X" sobre espacio en blanco) | F9: POT | G9: X | I9: PBOT | L9: EOT
A10: TRAMITES DE APROBACION DEL PLAN | F10: RESOLUCION CAR | I10: ACUERDO | L10: DECRETO
F11: Nº 130AN-1405-39 | G11: Fecha 15/05/2014 | I11: Nº 48 | J11: Fecha 17/12/2014 | L11: Nº | M11: Fecha
A13: Este instrumento forma parte del análisis de articulación, dentro de la fase 1 del sistema de seguimiento y evaluación del POT, denominada: lectura operativa del POT. El diligenciamiento de esta matriz, busca identificar el nivel de articulación del Componente General del POT (visión, políticas, objetivos, modelo de ocupación y estrategias) con los programas y proyectos incluidos en el componente urbano, el componente rural y el Programa de Ejecución. Inicie por identificar los elementos claves en la visión de futuro del territorio. Luego determine para cada uno de estos elementos claves extractados, el o los objetivos estratégicos con los que se relaciona. El mismo procedimiento se hace con las estrategias. Luego identifique los proyectos en el componente urbano, en el componente rural y en el programa de ejecución, que se enlazan con cada elemento relevante de la visión. Ubique el proyecto en la matriz, según la vigencia en la que se planea ejecutar. En este formato se plasman las ideas generales, pues el análisis completo se realiza en un documento aparte. | I13: ARTÍCULO 6, PÁRRAFO 2: “A 2030, Medellín contará con un sistema territorial en equilibrio para el ser humano, culturalmente rico y plural; integrado ecológica, espacial y funcionalmente al Sistema Público y Colectivo de su entorno nacional, regional y metropolitano, aportando así a la consolidación de “una región de ciudades”, donde se logre la plena efectividad de los derechos sociales y colectivos, se valore su paisaje y geografía, se promueva la competitividad y el desarrollo rural; para heredar a las futuras generaciones un territorio socialmente incluyente, globalmente conectado y ambientalmente sostenible, con estrategias de desarrollo económico, en un contexto regional y metropolitano”.
A15: SÍNTESIS PARA LA ARTICULACIÓN DE FINES Y MEDIOS
A16: FINES | D16: MEDIOS | L16: SEGUIMIENTO A LA EJECUCIÓN | R16: INSUMOS PARA LA ESCRITURA DEL DOC
A17: Visión | B17: Objetivo | C17: Estrategias Territoriales | D17: Elementos Transversales | E17: Sistema | G17: Subsistema | H17: Programa | I17: Proyecto | J17: Vigencia | K17: Localización | L17: Entidad responsable | M17: Estado | N17: Nombre del Indicador | O17: % de avance Indicador | P17: Recursos asignados | Q17: Recursos ejecutados | R17: Análisis | S17: Conclusiones | T17: Recomendaciones | U17: Observaciones
J19: Corto, Mediano, Largo plazo | K19: Ámbitos | M19: Ejecutado, en ejecución, sin ejecutar | R19: Hallazgo | S19: ¿Cómo afecta? | T19: ¿Qué hacer?
A20: =IF(C20="","",IFERROR(_xlfn.IFS(C20='MARCO E'!$C$3,'MARCO E'!$A$3,C20='MARCO E'!$C$4,'MARCO E'!$A$4,C20='MARCO E'!$C$5,'MARCO E'!$A$5,C20='MARCO E'!$C$6,'MARCO E'!$A$6,C20='MARCO E'!$C$7,'MARCO E'!$A$7,C20='MARCO E'!$C$8,'MARCO E'!$A$8,C20='MARCO E'!$C$9,'MARCO E'!$A$9,C20='MARCO E'!$C$10,'MARCO E'!$A$10,C20='MARCO E'!$C$11,'MARCO E'!$A$11,C20='MARCO E'!$C$12,'MARCO E'!$A$12,C20='MARCO E'!$C$13,'MARCO E'!$A$13,C20='MARCO E'!$C$14,'MARCO E'!$A$14,C20='MARCO E'!$C$15,'MARCO E'!$A$15,C20='MARCO E'!$C$16,'MARCO E'!$A$16,C20='MARCO E'!$C$17,'MARCO E'!$A$17,C20='MARCO E'!$C$18,'MARCO E'!$A$18,C20='MARCO E'!$C$19,'MARCO E'!$A$19,C20='MARCO E'!$C$20,'MARCO E'!$A$20,C20='MARCO E'!$C$21,'MARCO E'!$A$21,C20='MARCO E'!$C$22,'MARCO E'!$A$22,C20='MARCO E'!$C$23,'MARCO E'!$A$23,C20='MARCO E'!$C$24,'MARCO E'!$A$24,C20='MARCO E'!$C$25,'MARCO E'!$A$25,C20='MARCO E'!$C$26,'MARCO E'!$A$26),"")) | B20: =IF(C20="","",IFERROR(_xlfn.IFS(C20='MARCO E'!$C$3,'MARCO E'!$B$3,C20='MARCO E'!$C$4,'MARCO E'!$B$4,C20='MARCO E'!$C$5,'MARCO E'!$B$5,C20='MARCO E'!$C$6,'MARCO E'!$B$6,C20='MARCO E'!$C$7,'MARCO E'!$B$7,C20='MARCO E'!$C$8,'MARCO E'!$B$8,C20='MARCO E'!$C$9,'MARCO E'!$B$9,C20='MARCO E'!$C$10,'MARCO E'!$B$10,C20='MARCO E'!$C$11,'MARCO E'!$B$11,C20='MARCO E'!$C$12,'MARCO E'!$B$12,C20='MARCO E'!$C$13,'MARCO E'!$B$13,C20='MARCO E'!$C$14,'MARCO E'!$B$14,C20='MARCO E'!$C$15,'MARCO E'!$B$15,C20='MARCO E'!$C$16,'MARCO E'!$B$16,C20='MARCO E'!$C$17,'MARCO E'!$B$17,C20='MARCO E'!$C$18,'MARCO E'!$B$18,C20='MARCO E'!$C$19,'MARCO E'!$B$19,C20='MARCO E'!$C$20,'MARCO E'!$B$20,C20='MARCO E'!$C$21,'MARCO E'!$B$21,C20='MARCO E'!$C$22,'MARCO E'!$B$22,C20='MARCO E'!$C$23,'MARCO E'!$B$23,C20='MARCO E'!$C$24,'MARCO E'!$B$24,C20='MARCO E'!$C$25,'MARCO E'!$B$25,C20='MARCO E'!$C$26,'MARCO E'!$B$26),"")) | D20: Clasificación del suelo | E20: NA | F20: NA | G20: NA | H20: NA | I20: Seguimiento a la clasificación del suelo
A21: 3. Sistema territorial Integrado ecológica, espacial y funcionalmente al Sistema Público y Colectivo de su entorno nacional, regional y metropolitano, aportando así a la consolidación de "una región de ciudades" | B21: 5. Consolidar el espacio público como elemento estructurante del territorio y factor de enriquecimiento de la vida cotidiana y sitio de encuentro de la población. Integrando la Estructura Ecológica Principal y los elementos del Subsistema de Patrimonio Cultural Inmueble. | C21: M_d) Consolidar el subsistema de espacio público, incorporando las áreas de la estructura ecológica principal susceptibles de aprovechamiento para el encuentro ciudadano, así como aquellos inmuebles de oportunidad que se ubican a lo largo del territorio municipal, articulados al sistema de centralidades. | D21: Estructura ecológica | E21: NA | F21: NA | G21: NA | H21: Conservación, restauración y preservación de la red de conectividad ecológica | I21: Conservación y restauración de la red de conectividad ecológica | J21: Todos | K21: Municipal | L21: Secretaría de Medio Ambiente | M21: En ejecución | N21: Área intervenida para el fortalecimiento de la red de conectividad ecológica. | O21: 2.28
I22: Consolidación de los corredores biológicos de las quebradas la Iguaná y Santa Elena | J22: Todos | K22: Municipal | L22: Secretaría de Medio Ambiente | M22: En ejecución | N22: Corredores ecológicos de las quebradas La Iguaná y Santa Elena restaurados | O22: 1.26
I23: Fortalecimiento del programa "Mas bosques para Medellín" | J23: Todos | K23: Municipal | L23: Secretaría de Medio Ambiente | M23: En ejecución | N23: Presupuesto invertido en el programa más bosques para Medellín | O23: 1.56
I24: Desarrollo de protocolos de manejo para sistemas forestales y agroforestales en las áreas de influencia de la estructura ecológica principal y complementaria | J24: Corto plazo | K24: Municipal | L24: Subdirección de Planeación Territorial y Estartégica de Ciudad | M24: Ejecutado | N24: Protocolos para el manejo de sistemas forestales y agroforestales formulados | O24: 1
H25: Gestión integral del sistema hidrográfico | I25: Formulación e implementación de planes de manejo de humedales y ojos de sal | J25: Todos | K25: Municipal | L25: Subdirección de Planeación Territorial y Estartégica de Ciudad | M25: Ejecutado | N25: Estudios de humedales y ojos de sal insumo para plan de manejo | O25: 1
A26: 6. Sistema territorial que promueve la competitividad y el desarrollo rural | B26: 7. Apoyar y fomentar el desarrollo rural por medio de la producción sostenible y agroecológica a través de explotaciones agrícolas familiares, buscando configurar una sistema de seguridad y soberanía alimentaria, en armonía con la protección ambiental, la biodiversidad, los recursos y servicios ambientales, así como las características de su hábitat en el entorno metropolitano, para el mejoramiento sostenido de la calidad de vida de la población rural, procurando asegurar una efectiva y eficiente contribución de la economía rural al proceso de desarrollo. | C26: R_a) Intervenir los suelos suburbanos, tales como centros poblados, corredores viales suburbanos, áreas para equipamientos, áreas de alta presión en transformación y aquellas que requieren mejoramiento del hábitat rural y sostenibilidad ambiental, a través de la implementación de Unidades de Planificación Rural. | I26: Formulación e implementación de Unidades de Planificación Rural (UPR) para la protección hídrica | J26: Mediano plazo | K26: Rural | L26: Secretaría de Medio Ambiente | M26: Sin ejecutar | N26: Unidades de Planificación Rural para la protección hídrica implementadas | O26: NA
A27: 3. Sistema territorial Integrado ecológica, espacial y funcionalmente al Sistema Público y Colectivo de su entorno nacional, regional y metropolitano, aportando así a la consolidación de "una región de ciudades" | B27: 5. Consolidar el espacio público como elemento estructurante del territorio y factor de enriquecimiento de la vida cotidiana y sitio de encuentro de la población. Integrando la Estructura Ecológica Principal y los elementos del Subsistema de Patrimonio Cultural Inmueble. | C27: M_d) Consolidar el subsistema de espacio público, incorporando las áreas de la estructura ecológica principal susceptibles de aprovechamiento para el encuentro ciudadano, así como aquellos inmuebles de oportunidad que se ubican a lo largo del territorio municipal, articulados al sistema de centralidades. | I27: Diseño y aplicación de un protocolo de actualización de la red hídrica | J27: Todos | K27: Municipal | L27: Secretaría de Medio Ambiente | M27: Ejecutado | N27: Protocolo para la actualización de la red hídrica formulado | O27: 1
I28: Definición y adopción de áreas de nacimientos y retiros de los cuerpos de agua | J28: Corto plazo | K28: Municipal | L28: Subdirección de Planeación Territorial y Estartégica de Ciudad | M28: En ejecución | N28: Áreas de nacimientos y retiros de los cuerpos de agua adoptadas | O28: 0.9
I29: Recuperación y restauración de nacimientos y retiros de cuerpos de agua | J29: Todos | K29: Municipal | L29: Secretaría de Medio Ambiente | M29: Sin ejecutar | N29: Áreas de nacimiento y de retiro de cuerpos de agua recuperadas y restauradas | O29: 0
I30: Diseño y aplicación de un protocolo para las intervenciones de obra física o infraestructura en nacimientos y retiros de cuerpos de agua | J30: Corto plazo | K30: Municipal | L30: Subdirección de Planeación Territorial y Estartégica de Ciudad | N30: Protocolo para las intervenciones de obra física y/o infraestructura en nacimientos y retiros de agua adoptado | O30: NA
C31: R_b) Establecer la política de sostenibilidad de los suelos rurales promoviendo la provisión de bienes y servicios ambientales y configurando el sistema de reparto equitativo de cargas y beneficios con los suelos urbanos. | I31: Formulación e implementación de planes de manejo para las cuencas de orden cero y los acuiferos | J31: Todos | K31: Rural | L31: Secretaría de Medio Ambiente | N31: Planes de manejo de cuencas orden cero y acuíferos implementados | O31: NA
I32: Adquisición y administración de predios en cuencas y microcuencas abastecedoras de acueductos | J32: Todos | K32: Rural | L32: Secretaría de Medio Ambiente | M32: En ejecución | N32: Área adquirida en cuencas y microcuencas abastecedoras | O32: 0.03
A33: ='[1]MARCO E'!A29 -> 0 | B33: ='[1]MARCO E'!B29 -> 0 | C33: RM_b)Implementar el cinturón verde metropolitano y concretar un sistema ecológico estructurante metropolitano como base natural prestadora de servicios ecosistémicos y como estrategia adaptativa a la situación de cambio climático. | I33: Implementación de mecanismos de gestión intermunicipal e interinstitucional para la protección y restauración de cuencas abastecedoras externas al Municipio de Medellín | J33: Todos | K33: Regional y Metropolitano | L33: Secretaría de Medio Ambiente | N33: Hectáreas compradas y administradas en cuencas abastecedoras fuera de límite político administrativo | O33: NA
A34: 3. Sistema territorial Integrado ecológica, espacial y funcionalmente al Sistema Público y Colectivo de su entorno nacional, regional y metropolitano, aportando así a la consolidación de "una región de ciudades" | B34: 5. Consolidar el espacio público como elemento estructurante del territorio y factor de enriquecimiento de la vida cotidiana y sitio de encuentro de la población. Integrando la Estructura Ecológica Principal y los elementos del Subsistema de Patrimonio Cultural Inmueble. | C34: M_d) Consolidar el subsistema de espacio público, incorporando las áreas de la estructura ecológica principal susceptibles de aprovechamiento para el encuentro ciudadano, así como aquellos inmuebles de oportunidad que se ubican a lo largo del territorio municipal, articulados al sistema de centralidades. | H34: Gestión integral del sistema orográfico y del patrimonio eocológico y paisajistico | I34: Formulación, actualización e implementación de planes de manejo de cerros tutelares | J34: Todos | K34: Municipal | L34: Secretaría de Medio Ambiente | M34: Ejecutado | N34: Planes de manejo de cerros tutelares implementados | O34: 1
I35: Promoción del turismo de naturaleza responsable y otras actividades para el uso sostenible del paisaje | J35: Todos | K35: Municipal | L35: Gerencia de Corregimientos | M35: Ejecutado | N35: Planes implementados para promocionar el turismo de naturaleza responsable | O35: 1
A36: ='[1]MARCO E'!A32 -> 0 | B36: ='[1]MARCO E'!B32 -> 0 | C36: RM_b)Implementar el cinturón verde metropolitano y concretar un sistema ecológico estructurante metropolitano como base natural prestadora de servicios ecosistémicos y como estrategia adaptativa a la situación de cambio climático. | H36: Gestión del suelo, compensación y financiación de la EEP | I36: Valoración integral a la biodiversidad y los servicios ecosistémicos | J36: Corto plazo | K36: Regional y Metropolitano | L36: Subdirección de Planeación Territorial y Estartégica de Ciudad | M36: Ejecutado | N36: Documento técnico para la aplicación de instrumentos de pago por servicios ambientales adoptado | O36: 1
I37: Creación de un fondo de compensación económica, pago por servicios ambientales e incentivos para la preservación de las funciones ecosistémicas y la producción sostenible | J37: Todos | K37: Regional y Metropolitano | L37: Secretaría de Hacienda | N37: Fondo para las compensaciones económicas e incentivos para el mantenimiento y preservación de la estructura ecológica creado | O37: ND
I38: Fortalecimiento de los sistemas de control y vigilancia frente a los procesos de ocupación inadecuada de los suelos de protección | J38: Todos | K38: Regional y Metropolitano | L38: Secretaría de Gestión y Control Territorial | N38: Sistema de control y vigilancia frente a los procesos de ocupación inadecuada de los suelos de protección fortalecido | O38: ND
A39: 3. Sistema territorial Integrado ecológica, espacial y funcionalmente al Sistema Público y Colectivo de su entorno nacional, regional y metropolitano, aportando así a la consolidación de "una región de ciudades" | B39: 5. Consolidar el espacio público como elemento estructurante del territorio y factor de enriquecimiento de la vida cotidiana y sitio de encuentro de la población. Integrando la Estructura Ecológica Principal y los elementos del Subsistema de Patrimonio Cultural Inmueble. | C39: M_d) Consolidar el subsistema de espacio público, incorporando las áreas de la estructura ecológica principal susceptibles de aprovechamiento para el encuentro ciudadano, así como aquellos inmuebles de oportunidad que se ubican a lo largo del territorio municipal, articulados al sistema de centralidades. | H39: Investigación y educación para la conservación de la estructura ecológica | I39: Implementación de una cátedra municipal ambiental orientada sobre la estructura ecológica principal de Medellín | J39: Todos | K39: Municipal | L39: Secretaría de Educación | M39: En ejecución | N39: Instituciones educativas que generan espacios para impartir conocimientos relacionados con la estructura ecológica de Medellín | O39: 1.27
I40: Promoción de un foro permanente para la construcción colectiva de criterios de conservación y uso sostenible de la estructura ecológica principal | J40: Todos | K40: Municipal | L40: Secretaría de Medio Ambiente | M40: En ejecución | N40: Espacios ciudadanos generados para promover la apropiación de la estructura ecológica de Medellín | O40: 0.04
A41: =IF(C41="","",IFERROR(_xlfn.IFS(C41='MARCO E'!$C$3,'MARCO E'!$A$3,C41='MARCO E'!$C$4,'MARCO E'!$A$4,C41='MARCO E'!$C$5,'MARCO E'!$A$5,C41='MARCO E'!$C$6,'MARCO E'!$A$6,C41='MARCO E'!$C$7,'MARCO E'!$A$7,C41='MARCO E'!$C$8,'MARCO E'!$A$8,C41='MARCO E'!$C$9,'MARCO E'!$A$9,C41='MARCO E'!$C$10,'MARCO E'!$A$10,C41='MARCO E'!$C$11,'MARCO E'!$A$11,C41='MARCO E'!$C$12,'MARCO E'!$A$12,C41='MARCO E'!$C$13,'MARCO E'!$A$13,C41='MARCO E'!$C$14,'MARCO E'!$A$14,C41='MARCO E'!$C$15,'MARCO E'!$A$15,C41='MARCO E'!$C$16,'MARCO E'!$A$16,C41='MARCO E'!$C$17,'MARCO E'!$A$17,C41='MARCO E'!$C$18,'MARCO E'!$A$18,C41='MARCO E'!$C$19,'MARCO E'!$A$19,C41='MARCO E'!$C$20,'MARCO E'!$A$20,C41='MARCO E'!$C$21,'MARCO E'!$A$21,C41='MARCO E'!$C$22,'MARCO E'!$A$22,C41='MARCO E'!$C$23,'MARCO E'!$A$23,C41='MARCO E'!$C$24,'MARCO E'!$A$24,C41='MARCO E'!$C$25,'MARCO E'!$A$25,C41='MARCO E'!$C$26,'MARCO E'!$A$26),"")) | B41: =IF(C41="","",IFERROR(_xlfn.IFS(C41='MARCO E'!$C$3,'MARCO E'!$B$3,C41='MARCO E'!$C$4,'MARCO E'!$B$4,C41='MARCO E'!$C$5,'MARCO E'!$B$5,C41='MARCO E'!$C$6,'MARCO E'!$B$6,C41='MARCO E'!$C$7,'MARCO E'!$B$7,C41='MARCO E'!$C$8,'MARCO E'!$B$8,C41='MARCO E'!$C$9,'MARCO E'!$B$9,C41='MARCO E'!$C$10,'MARCO E'!$B$10,C41='MARCO E'!$C$11,'MARCO E'!$B$11,C41='MARCO E'!$C$12,'MARCO E'!$B$12,C41='MARCO E'!$C$13,'MARCO E'!$B$13,C41='MARCO E'!$C$14,'MARCO E'!$B$14,C41='MARCO E'!$C$15,'MARCO E'!$B$15,C41='MARCO E'!$C$16,'MARCO E'!$B$16,C41='MARCO E'!$C$17,'MARCO E'!$B$17,C41='MARCO E'!$C$18,'MARCO E'!$B$18,C41='MARCO E'!$C$19,'MARCO E'!$B$19,C41='MARCO E'!$C$20,'MARCO E'!$B$20,C41='MARCO E'!$C$21,'MARCO E'!$B$21,C41='MARCO E'!$C$22,'MARCO E'!$B$22,C41='MARCO E'!$C$23,'MARCO E'!$B$23,C41='MARCO E'!$C$24,'MARCO E'!$B$24,C41='MARCO E'!$C$25,'MARCO E'!$B$25,C41='MARCO E'!$C$26,'MARCO E'!$B$26),"")) | D41: Áreas de amenaza y riesgo | E41: NA | F41: NA | G41: NA | H41: NA | I41: Indicadores del subsistema
A42: 3. Sistema territorial Integrado ecológica, espacial y funcionalmente al Sistema Público y Colectivo de su entorno nacional, regional y metropolitano, aportando así a la consolidación de "una región de ciudades" | B42: 5. Consolidar el espacio público como elemento estructurante del territorio y factor de enriquecimiento de la vida cotidiana y sitio de encuentro de la población. Integrando la Estructura Ecológica Principal y los elementos del Subsistema de Patrimonio Cultural Inmueble. | C42: M_d) Consolidar el subsistema de espacio público, incorporando las áreas de la estructura ecológica principal susceptibles de aprovechamiento para el encuentro ciudadano, así como aquellos inmuebles de oportunidad que se ubican a lo largo del territorio | E42: Sistemas Físico - Espaciales | F42: Sistema Público y colectivo | G42: Subsistema de Espacio público de esparcimiento y encuentro | H42: Generación de nuevas áreas a incorporar en el sistema de Espacio público de esparcimiento y encuentro | I42: Generación de espacios públicos asociados a las centralidades urbanas y rurales | J42: Largo plazo | K42: Municipal | L42: Secretaría de Infraestructura Física | M42: En Ejecucion | N42: Espacio público efectivo asociado a centralidades generado | O42: ND
I43: Generación de espacios públicos para el encuentro de los ciudadanos con el entorno natural, a través de la incorporación efectiva de elementos del sistema orográfico e hidrográfico y zonas de riesgo no mitigables | J43: Largo plazo | M43: En Ejecucion | N43: Espacio público efectivo asociado al sistema orográfico, hidrográfico y zonas de riesgo no mitigable generado | O43: ND
A44: 8. Sistema territorial globalmente conectado y ambientalmente sostenible 5. Sistema territorial que valora su paisajes y geografía | B44: 3. Preservar la Estructura Ecológica Principal como elemento estructurante del territorio que constituye la base de la vida. | C44: RM_b)Implementar el cinturón verde metropolitano y concretar un sistema ecológico estructurante metropolitano como base natural prestadora de servicios ecosistémicos y como estrategia adaptativa a la situación de cambio climático. | I44: Genreación de espacios públicos de alta representatividad y cobertura metropolitana | J44: Largo plazo | M44: En Ejecucion | N44: Espacio público efectivo de alta representatividad y cobertura metropolitana generado | O44: ND
A45: 3. Sistema territorial Integrado ecológica, espacial y funcionalmente al Sistema Público y Colectivo de su entorno nacional, regional y metropolitano, aportando así a la consolidación de "una región de ciudades" | B45: 5. Consolidar el espacio público como elemento estructurante del territorio y factor de enriquecimiento de la vida cotidiana y sitio de encuentro de la población. Integrando la Estructura Ecológica Principal y los elementos del Subsistema de Patrimonio Cultural Inmueble. | C45: RI_a) Ejecutar el proyecto Parques del Río Medellín con el fin de generar espacio público de escala municipal, que recupere y potencie los valores ambientales y urbanísticos de la ciudad y contribuya a la disminución del déficit de espacio público. | I45: Generación de espacios públicos de encuentro y esparcimiento que reivindiquen la escala local | J45: Largo plazo | M45: En Ejecucion | N45: Espacio público efectivo de orden local generado | O45: ND
A46: 3. Sistema territorial Integrado ecológica, espacial y funcionalmente al Sistema Público y Colectivo de su entorno nacional, regional y metropolitano, aportando así a la consolidación de "una región de ciudades" | B46: 5. Consolidar el espacio público como elemento estructurante del territorio y factor de enriquecimiento de la vida cotidiana y sitio de encuentro de la población. Integrando la Estructura Ecológica Principal y los elementos del Subsistema de Patrimonio Cultural Inmueble. | C46: M_d) Consolidar el subsistema de espacio público, incorporando las áreas de la estructura ecológica principal susceptibles de aprovechamiento para el encuentro ciudadano, así como aquellos inmuebles de oportunidad que se ubican a lo largo del territorio | H46: Mejoramiento y recuperación de los espacios públicos de esparcimiento y encuentro existentes | I46: Recuperación del espacio público de esparcimiento y encuentro de carácter cívico y representativo asociado del sistema de centralidades | J46: Todos | M46: En Ejecucion | N46: Espacio público efectivo de carácter cívico y representativo asociado al sistema de centralidades mejorado y recuperado | O46: ND
I47: Mejoramiento y recuperación de los espacios públicos de encuentro y esparcimiento de orden local | J47: Todos | M47: En Ejecucion | N47: Espacio público efectivo de orden local mejorado y recuperado | O47: ND
A48: 8. Sistema territorial globalmente conectado y ambientalmente sostenible 5. Sistema territorial que valora su paisajes y geografía | B48: 3. Preservar la Estructura Ecológica Principal como elemento estructurante del territorio que constituye la base de la vida. | C48: RM_b)Implementar el cinturón verde metropolitano y concretar un sistema ecológico estructurante metropolitano como base natural prestadora de servicios ecosistémicos y como estrategia adaptativa a la situación de cambio climático. | H48: Mantenimiento de los espacios públicos de esparcimiento y encuentro existentes | I48: Mantenimiento de los espacios públicos de esparcimiento y encuentro existentes | J48: Todos | M48: En Ejecucion | N48: Espacio público efectivo mantenido | O48: 2.6575388 | U48: La cifra reportada corresponde a lo mantenido por la SIF y reportado en el Plan Indicativo a corte 30 de junio de 2023. No se incluye mantenimiento realizado por otras dependencias que tienen a su cargo espacios publicos, como el caso del INDER y Secretaria Medio Ambiente.
A49: 3. Sistema territorial Integrado ecológica, espacial y funcionalmente al Sistema Público y Colectivo de su entorno nacional, regional y metropolitano, aportando así a la consolidación de "una región de ciudades" | B49: 5. Consolidar el espacio público como elemento estructurante del territorio y factor de enriquecimiento de la vida cotidiana y sitio de encuentro de la población. Integrando la Estructura Ecológica Principal y los elementos del Subsistema de Patrimonio Cultural Inmueble. | C49: M_d) Consolidar el subsistema de espacio público, incorporando las áreas de la estructura ecológica principal susceptibles de aprovechamiento para el encuentro ciudadano, así como aquellos inmuebles de oportunidad que se ubican a lo largo del territorio municipal, articulados al sistema de centralidades. | H49: Restitución de los espacios públicos de esparcimiento y encuentro que estén siendo privatizados y/u ocupados indebidamente | I49: Restitución de los espacios públicos de esparcimiento y encuentro que estén siendo privatizados y/u ocupados indebidamente | J49: Todos | L49: Secretaría de Gestión y Control Territorial (Subsecretaría de Control Urbanístico) | M49: En Ejecucion | N49: Espacio público recuperado y adecuado | O49: 4.256875 | U49: Reporte se homologa con el indicador 5.5.6.10 Espacio público recuperado y adecuado del Plan de Desarrollo 2020-2023
H50: Generación de instrumentos para la gestión del espacio Público | I50: Formulación de la reglamentación sobre el mantenimiento, administración y aprovechamiento económico del espacio público | J50: ND | L50: ND | M50: ND | O50: ND
H51: Gestión del conocimiento y la información para el desarrollo de actuaciones en el espacio público | I51: Actualización del manual de diseño y construcción de los elementos del espacio público | J51: Corto plazo | L51: Departamento Administrativo de Planeación | M51: Ejecutado | N51: Manual de diseño y construcción de los elementos del espacio público actualizado | O51: 1 | U51: Se cumplió el indicador en el año 2017, con la adopción del Decreto 113 de 2017 " Por medio del cual se adopta el Manual del Espacio Público de Medellín y se asigna una función".
I52: Actualización de la información cartográfica correspondiente a los espacios públicos de esparcimiento y encuentro | J52: Todos | M52: Ejecutado | N52: Inventario de espacio público de esparcimiento y encuentro actualizado | O52: NA | U52: Se ajusta la unidad de medida con el fin de identificar anualmente el número de espacios públicos actualizados en el inventario y poder definir posteriormente un parámetro de medición. Actualmente se adelanta un protocolo para implementar un proceso administrativo que permita la actualización periódica del inventario.
E53: Sistemas Físico - Espaciales | F53: Sistema Público y colectivo | G53: Subsistema de Equipamientos | I53: NO TIENE PROYECTOS EN EL ANEXO 6 DEL POT | J53: NA
A54: ='MARCO E'!A26 -> 8. Sistema territorial globalmente conectado y ambientalmente sostenible | B54: ='MARCO E'!B26 -> 12. Generar y cualificar la infraestructura para la prestación y el acceso a los servicios públicos, como un instrumento para el desarrollo municipal y la inclusión socio espacial, con base en la eficiencia, oportunidad, seguridad, innovación y sostenibilidad ambiental. | C54: M_a) Incorporar los mecanismos de actuación institucional coordinada, de mitigación y de adaptación al cambio climático y la gestión del riesgo. | D54: N/A | E54: Sistemas Físico - Espaciales | F54: Sistema Público y colectivo | G54: Subsistema de Servicios Públicos | H54: Servicios Públicos inteligentes | I54: Proyectos para el ahorro y consumo racional de los servicios públicos, utilización de alternativas: energía solar, LED y otros tipos de energías; utilización de electrodomesticos y dispositivos ahorradores o de bajo consumo de energía; entre otros. | J54: Todos | K54: Municipal | L54: Secretaría de Gestión y Control Territorial (Subsecretaría de Servicios Públicos) | M54: Ejecutado | N54: Políticas para los servicios públicos gestionadas | O54: 2.6
M55: En ejecucion | N55: Tecnología LED del sistema de alumbrado público utilizada | O55: 6.18
H56: Basura Cero y Reciclaje | I56: Proyectos de reducción en la fuente y la generación de residuos sólidos. Proyectos de recupercaión y reciclaje de R.S. | J56: Todos | K56: Municipal | L56: Secretaría de Medio Ambiente | M56: Ejecutado | N56: Política sobre basura cero definida e implementada | O56: 1 | U56: Se reporta como cumplido desde el año 2015
M57: En ejecucion | N57: Residuos sólidos aprovechados en la zona rural | O57: ND | U57: Este indicador se medía en toneladas y se ajustó para seguir midiéndolo en porcentaje, motivo del cambio de las variables. Es importante mencionar que, la información actualizada de 2023 para la estimación del indicador se obtiene en febrero de 2024, or lo que no es posible realizar el cálculo aún y, por lo tanto, se estima el mismo valor de 2022 para 2023
M58: En ejecucion | N58: Residuos sólidos aprovechados en la zona urbana | O58: ND | U58: Este indicador se medía en toneladas y se ajustó para seguir midiéndolo en porcentaje, motivo del cambio de las variables. Es importante mencionar que, la información actualizada de 2023 para la estimación del indicador se obtiene en febrero de 2024, or lo que no es posible realizar el cálculo aún y, por lo tanto, se estima el mismo valor de 2022 para 2023
C59: R_b) Establecer la política de sostenibilidad de los suelos rurales promoviendo la provisión de bienes y servicios ambientales y configurando el sistema de reparto equitativo de cargas y beneficios con los suelos urbanos. | H59: Subsanar deficits en prestación rural de Servicios Públicos S.P. | I59: Proyectos para dotar con servicios públicos las zonas rurales que presentan deficit en su prestación | J59: Todos | K59: Rural | L59: Secretaría de Gestión y Control Territorial (Subsecretaría de Servicios Públicos) | M59: En ejecucion | N59: Nuevas viviendas conectadas al sistema de acueducto y saneamiento básico en zona rural | O59: 1.24
M60: En ejecucion | N60: Sistemas de acueductos y alcantarillados rurales construidos, ampliados, optimizados y mejorados | O60: 0.32
C61: LU_c) Cualificar los barrios y las centralidades, promoviendo la compacidad urbana, con la proximidad de los lugares de habitación, trabajo y los servicios urbanos entre sí, mediante proyectos urbanos integrales en el ámbito de ladera, priorizando la localización de equipamientos, espacios públicos e infraestructuras. | H61: Subsanar deficits de prestación de Servicios Públicos S.P. en asentamientos en dllo. | I61: Proyectos para dotar con servicios públicos los asentamientos en desarrollo que presentan deficit en su prestación | J61: Todos | K61: Ladera | L61: Secretaría de Gestión y Control Territorial (Subsecretaría de Servicios Públicos) | M61: En ejecucion | N61: Viviendas con sistemas alternativos de agua potable que se ubican en asentamientos informales | O61: 0.23
C62: M_a) Incorporar los mecanismos de actuación institucional coordinada, de mitigación y de adaptación al cambio climático y la gestión del riesgo. | H62: Plan Integral de Drenaje Urbano | I62: Proyecto para definir las infraestructuras del drenaje urbano para prevenir las condiciones de inundabilidad de la ciudad | J62: Todos | K62: Municipal | L62: Secretaría de Infraestructura Física | M62: Sin ejecutar | N62: Intervenciones de infraestructura pública con aplicación de medidas estructurales para el manejo de drenaje urbano | O62: NA | U62: La SIF no tiene la capacidad ni la competencia para medir este indicador del manejo del drenaje urbano.
L63: Secretaría de Medio Ambiente | M63: En ejecucion | N63: Lineamentos formulados para el manejo de drenaje urbano en espacios públicos | O63: 20 | U63: En el año 2015 mediante un Convenio con EPM se obtuvo el Diagnóstico del Drenaje Urbano para los Municipios del Valle de Aburrá. A la fecha no se ha continuado el proceso ya que jurídicamente la Nación no tiene definido si el “Drenaje Urbano” hace parte del Espacio Público o es un Servicio Público, no hay competencia definida en ese componente del recurso hídrico. EPM y El Municipio optaron por esperar lineamientos del Departamento Nacional de Planeación.
H64: Prevención de la escacez hidrica | I64: Proyectos de reforestación y recuperación de capacidad hidrica y de recarga de acuiferos | J64: Todos | K64: Municipal | L64: Secretaría de Medio Ambiente | M64: Sin ejecutar | N64: Proyectos para la recuperación de la capacidad hídrica y recarga de acuíferos ejecutados | O64: NA | U64: En los indicadores, este proyecto aparece asociado a la Estructura Ecológica. Proyecto Inactivo. Depende de la culminación del plan de manejo ambiental del acuífero para poder ejecutar los proyectos allí establecidos.
C65: M_c) Priorizar las áreas de intervención estratégica: Corredor del río (MEDRio) Cinturón verde metropolitano (MEDBorde Urbano Rural) y las transversalidades MED La Iguana y MED Santa Elena, a través de actuaciones urbanas integrales, desarrolladas con macroproyectos. El corredor del río será objeto de intervenciones graduales, consensuadas y planificadas con instrumentos participativos de gestión, que pongan en valor su importancia para la competitividad económica y la sostenibilidad de la ciudad y la región. | H65: Servicios públicos y proyectos estratégicos | I65: Parque del Río y Cinturón Verde | J65: Todos | K65: Municipal | L65: Secretaría de Infraestructura Física | M65: En ejecucion | N65: Etapas del plan de reposición de redes de servicios públicos del proyecto Parques del Río ejecutadas | O65: 1.2
L66: Subdirección de Planeación Territorial y Estratégica de Ciudad | M66: ND | N66: Planes de infraestructura de servicios públicos para las áreas de intervención estratégica formulados | O66: ND
L67: Subdirección de Planeación Territorial y Estratégica de Ciudad | M67: En ejecucion | N67: Planes parciales de renovación urbana prioritarios con reposición de redes de servicios públicos ejecutados | O67: 1
L68: Secretaría de Gestión y Control Territorial (Subsecretaría de Servicios Públicos) | M68: ND | N68: Viviendas que acceden a agua potable en desarrollo de obras de mitigación en el Borde Urbano Rural | O68: ND | U68: Este indicador se midió hasta el año 2019, a través de un esfuerzo conjunto con Isvimed, EDU y EPM. A partir de ese año no se mide el impacto en viviendas conectadas a los servicios públicos que tienen las inversiones en programas de mitigación del riesgo y mejoramiento integral de barrios que realizan EDU e Isvimed.
C69: RM_a) Participar en la ejecución de los proyectos estratégicos metropolitanos de liderazgo supramunicipal, de infraestructura para la movilidad y equipamientos de soporte a la competitividad, que fortalezcan la base económica regional en materia de centros logísticos, autopistas para la prosperidad, y un corredor transversal de conexión oriente-occidente. | H69: Gestión Territorial Residuos Sólidos | I69: Definición de sitios para rellenos sanitariosde emergencia. Escombrera y estación de transferencia. | J69: Corto plazo | K69: Regional y Metropolitano | L69: Secretaría de Gestión y Control Territorial (Subsecretaría de Servicios Públicos) | M69: Ejecutado | N69: Sitio para la disposición final de cadáveres de animales identificado | O69: NA | U69: Los cadáveres de animales son considerados Residuos Peligrosos dentro de la categoría de biológicos. Los estudios para la ubicación de sitios estratégicos para la gestión de residuos peligrosos, tanto para el área urbana como para el área rural, fueron realizados en el año 2018 por la Secretaría de Gestión y Control Territorial. El POT no contempla que deban hacerse nuevos estudios.
M70: Ejecutado | N70: Sitios para rellenos sanitarios de emergencia evaluados | O70: 1 | U70: La meta se cumplió desde el 2018 y no se planifican nuevos estudios.
D71: N/A | E71: Sistemas Físico - Espaciales | F71: Sistema Público y colectivo | G71: Subsistema de Patrimonio Cultural Inmueble | I71: NO TIENE PROYECTOS EN EL ANEXO 6 DEL POT | J71: NA
A72: 3. Sistema territorial Integrado ecológica, espacial y funcionalmente al Sistema Público y Colectivo de su entorno nacional, regional y metropolitano, aportando así a la consolidación de "una región de ciudades" | B72: 11. Mejorar la conectividad y accesibilidad en el territorio, priorizando la movilidad no motorizada, regulando de manera adecuada el uso del vehículo privado. | C72: M_f) Consolidar e incentivar la movilidad peatonal y los medios de transporte no motorizados, articulados al sistema integrado de transporte multimodal, posibilitando el acceso a los bienes y servicios que demanda la población en el territorio de una manera rápida, eficaz y oportuna en todas sus escalas. | D72: N/A | E72: Sistemas Físico - Espaciales | F72: Sistema Público y colectivo | G72: Subsistema de Movilidad | H72: Realización del PLAN INTEGRAL DE MOVILIDAD SOSTENIBLE para la ciudad de Medellín: | I72: Se deberá realizar para la ciudad de Medellín el PLAN INTEGRAL DE MOVILIDAD SOSTENIBLE que complemente los lineamientos de la ley 1083 del 31 de julio de 2006. Este plan lleva a una escala de detalle de barrio, comuna; cabecera corregimental y Vereda los planteamientos dados en el ACUERDO 268 de 2014; Plan Maestro de Movilidad del Área Metropolitana Del Valle de Aburrá ; y actualiza el Plan Vial Metropolitano | J72: Corto plazo | K72: Municipal | L72: Subdirección de Planeación Territorial y Estratégica de Ciudad | M72: En ejecución | N72: Plan Integral de Movilidad Sostenible formulado | O72: 0.85
L73: Secretaría de Movilidad | N73: Parque automotor | O73: NA | U73: La Secretaría de Movilidad no tiene acceso a los vehículos matriculados en los otros municipios, no obstante, Para el final de la vigencia 2023, se proyecta un parque automotor total de 375.100 vehículos en el Distrito Medellín.
L74: Secretaría de Movilidad | M74: Ejecutado | N74: Oferta de celdas de parqueo motorizado público | O74: 2.79
C75: M_f) Consolidar e incentivar la movilidad peatonal y los medios de transporte no motorizados, articulados al sistema integrado de transporte multimodal, posibilitando el acceso a los bienes y servicios que demanda la población en el territorio de una manera rápida, eficaz y oportuna en todas sus escalas. | D75: N/A | H75: Programa asociado a los peatones | I75: Infraestructura de andenes | J75: Largo plazo | K75: Municipal | L75: Secretaría de Infraestructura Física | M75: En ejecución | N75: Sistema estructurante peatonal construido | O75: 0.5
I76: Implementación de vías de tráfico calmado | J76: Largo plazo | K76: Municipal | L76: Secretaría de Movilidad | N76: Vías de tráfico calmado implementadas | O76: ND | U76: Desde la gerencia se vienen diseñando pacificaciones, sin embargo, ninguna está priorizada para ejecución. En reunión de revisión de indicadores quedo como compromiso que la SIF realizaba un listado de intervenciones y la gerencia definia si aplicaba o no como vía de tráfico calmado, se está a la espera de la información para su reporte
I77: Implementación de vías peatonales, andenes o tráfico calmado | J77: Corto plazo | K77: Municipal | L77: Secretaría de Infraestructura Física | N77: Vías peatonales construidas | O77: ND | U77: Dato obtenido del seguimiento al Plan Indicativo con corte 30 de junio de 2023. La sumatoria corresponde a los andenes rehabilitados y construidos en la vigencia 2023 el cual asciende a 17899 m2 teniendo en cuenta un ancho promedio del anden de 1.5 metros.
I78: Implementación de corredores verdes | J78: Largo plazo | K78: Municipal | L78: Subdirección de Prospectiva, Información y Evaluación -Seguimiento a obra física | N78: Corredores verdes implementados | O78: ND | U78: No se reporta avance
C79: M_f) Consolidar e incentivar la movilidad peatonal y los medios de transporte no motorizados, articulados al sistema integrado de transporte multimodal, posibilitando el acceso a los bienes y servicios que demanda la población en el territorio de una manera rápida, eficaz y oportuna en todas sus escalas. | D79: N/A | H79: Programa para la bicicleta en el Municipio | I79: Proyectos asociados al resultado del Plan Maestro de la bicicleta del AMVA | J79: Corto plazo | K79: Municipal | L79: Gerencia de Movilidad Humana | N79: Proyectos para el uso de la bicicleta como medio de transporte promovidos | O79: ND
I80: Proyecto CONSTRUCCIÓN Y MANTENIMIENTO DE CICLORRUTAS | J80: Largo plazo | K80: Municipal | L80: Secretaría de Infraestructura Física | M80: En ejecución | N80: Ciclorrutas construidas | O80: 0.45
L81: Gerencia de Movilidad Humana | M81: En ejecución | N81: Ciclorrutas mantenidas | O81: 0.7
I82: Proyecto IMPLEMENTACIÓN DE COCLOPARQUEADEROS | J82: Corto plazo | K82: Municipal | L82: Gerencia de Movilidad Humana | N82: Ciclo parqueaderos construidos | O82: NA
I83: Proyecto CILORRUTAS ASISTIDAS | J83: Mediano plazo | K83: Municipal | L83: Gerencia de Movilidad Humana | M83: En ejecución | N83: Ciclorrutas asistidas construidas | O83: 1.08
I84: Proyecto BICICLETAS ELÉCTRICAS | J84: Mediano plazo | K84: Municipal | L84: Subdirección de Prospectiva, Información y Evaluación -Seguimiento a obra física | N84: Bicicletas eléctricas financiadas | O84: ND | U84: ND obedece al no reporte por parte de la entidad
I85: Proyecto PROPORCIÓN Y USO SEGURO DE LA BICICLETA | J85: Corto plazo | K85: Municipal | L85: Gerencia de Movilidad Humana | M85: Ejecutado | N85: Campañas para la promoción y uso seguro de la bicicleta realizadas | O85: 4.88
L86: Gerencia de Movilidad Humana | N86: Usuarios registrados en el programa EnCicla | O86: ND | U86: Usuarios inscritos reportados en la pagina web del AMVA
C87: M_f) Consolidar e incentivar la movilidad peatonal y los medios de transporte no motorizados, articulados al sistema integrado de transporte multimodal, posibilitando el acceso a los bienes y servicios que demanda la población en el territorio de una manera rápida, eficaz y oportuna en todas sus escalas. | D87: N/A | H87: Programa de transporte público colectivo y masivo | I87: Desarrollo y modernización del sistema de transporte público | J87: Mediano plazo | K87: Municipal | L87: Secretaría de Movilidad | M87: En ejecución | N87: Antigüedad de los vehículos de transporte público de pasajeros | O87: 1.11 | U87: La edad del transporte público colectivo que actualmente opera en la ciudad, es de aproximadamente 12 años.
L88: Secretaría de Movilidad | M88: Sin ejecutar | N88: Buses de transporte público racionalizados | O88: 0 | U88: La reestructuración del servicio y la racionalización del parque automotor del transporte público, en caso de la entrada en operación de sistemas masivos, debe llevarse mediante cronogramas que garanticen la prestación del servicio conforme a los estudios que se realicen. A la fecha no existen estudios por parte de la autoridad competente
L89: Secretaría de Movilidad | M89: En ejecución | N89: Usuarios del transporte público colectivo, y masivo | O89: 0.81
C90: RM_a) Participar en la ejecución de los proyectos estratégicos metropolitanos de liderazgo supramunicipal, de infraestructura para la movilidad y equipamientos de soporte a la competitividad, que fortalezcan la base económica regional en materia de centros logísticos, autopistas para la prosperidad, y un corredor transversal de conexión oriente-occidente. | I90: Proyecto Terminales intermunicipales | J90: Mediano plazo | K90: Regional Metropolitano | L90: Terminales de Transporte de Medellín | M90: En ejecución | N90: Terminales de transporte público en operación | O90: 0.33
C91: M_f) Consolidar e incentivar la movilidad peatonal y los medios de transporte no motorizados, articulados al sistema integrado de transporte multimodal, posibilitando el acceso a los bienes y servicios que demanda la población en el territorio de una manera rápida, eficaz y oportuna en todas sus escalas. | I91: Proyecto Tren multipropósito (pasajeros, carga y residuos sólidos) | J91: Mediano plazo | K91: Municipal | L91: Secretaría de Infraestructura Física | M91: Sin ejecutar | N91: Tren multipropósito construido | O91: 0 | U91: No se tiene avance a la fecha del indicador
C92: RM_a) Participar en la ejecución de los proyectos estratégicos metropolitanos de liderazgo supramunicipal, de infraestructura para la movilidad y equipamientos de soporte a la competitividad, que fortalezcan la base económica regional en materia de centros logísticos, autopistas para la prosperidad, y un corredor transversal de conexión oriente-occidente. | I92: Proyecto TÚNEL DE ORIENTE incluyendo corredor de transporte de pasajeros | J92: Mediano plazo | K92: Regional Metropolitano | L92: Secretaría de Infraestructura Física | M92: Ejecutado | N92: Túnel de oriente construido | O92: 1
C93: M_f) Consolidar e incentivar la movilidad peatonal y los medios de transporte no motorizados, articulados al sistema integrado de transporte multimodal, posibilitando el acceso a los bienes y servicios que demanda la población en el territorio de una manera rápida, eficaz y oportuna en todas sus escalas. | I93: Plan Maestro 2006-2030 Confianza en el Futuro, Plan rector de expansión de la Empresa de Transporte Masivo del Valle de Aburrá | J93: Largo plazo | K93: Municipal | L93: Secretaría de Infraestructura Física | M93: En ejecución | N93: Infraestructura del transporte masivo construido | O93: 0.68
C94: M_f) Consolidar e incentivar la movilidad peatonal y los medios de transporte no motorizados, articulados al sistema integrado de transporte multimodal, posibilitando el acceso a los bienes y servicios que demanda la población en el territorio de una manera rápida, eficaz y oportuna en todas sus escalas. | I94: Plan de corredores troncalizado de transporte público colectivo | J94: Largo plazo | K94: Municipal | L94: Subdirección de Prospectiva, Información y Evaluación -Seguimiento a obra física | N94: Plan de corredores troncalizados de transporte publico colectivo implementado | O94: ND | U94: ND obedece al no reporte por parte de la entidad
C95: RM_a) Participar en la ejecución de los proyectos estratégicos metropolitanos de liderazgo supramunicipal, de infraestructura para la movilidad y equipamientos de soporte a la competitividad, que fortalezcan la base económica regional en materia de centros logísticos, autopistas para la prosperidad, y un corredor transversal de conexión oriente-occidente. | D95: N/A | H95: Programa de transporte de carga y logistica para Medellín | I95: Plan de Logistica y Transporte de carga de Medellín como parte del Plan de Movilidad Sostenible | J95: Corto plazo | K95: Municipal | L95: Subdirección de Planeación Territorial y Estratégica de Ciudad | M95: Ejecutado | N95: Plan de Logística y Transporte de Carga de Medellín como parte del Plan de Movilidad Sostenible formulado | O95: 1 | U95: En conjunto con el AMVA (Convenio 4600071984 de 2017) se elaboró el Plan de Transporte de Carga, contratado con la Universidad Nacional el cual fue finalizado durante el 2019 por lo que se llega a la meta establecida.
C96: M_f) Consolidar e incentivar la movilidad peatonal y los medios de transporte no motorizados, articulados al sistema integrado de transporte multimodal, posibilitando el acceso a los bienes y servicios que demanda la población en el territorio de una manera rápida, eficaz y oportuna en todas sus escalas. | D96: N/A | H96: Programa de Seguridad vial y gestión de tránsito | I96: Implementación del Plan de Movilidad segura de Medellín 2013-2020 | J96: Mediano plazo | K96: Municipal | L96: Secretaría de Movilidad | M96: Ejecutado | N96: Plan de Movilidad Segura de Medellín 2013-2020 implementado | O96: 1
I97: Pasos seguros para peatones | J97: Mediano plazo | K97: Municipal | L97: Secretaría de Movilidad | M97: En ejecución | N97: Pasos seguros para peatones implementados | O97: 1
I98: Plan Maestro de parqueaderos (estacionamientos) como parte del Pan de Movilidad Sostenible | J98: Corto plazo | K98: Municipal | L98: Subdirección de Planeación Territorial y Estratégica de Ciudad | N98: Plan maestro de parqueaderos (estacionamientos) como parte del Plan de Movilidad Sostenible formulado | O98: NA | U98: Desde la Secretaría de Movilidad reportan: La Secretaría de movilidad no ha realizado estudios adicionales sobre parqueaderos, es importante resaltar que los últimos estudios realizados en las comunas 10 y 14 fueron con el propósito de implementar la tasa por contribución, no obstante es información valiosa para el plan maestro de parqueaderos. Desde el DAP, se incluye dentro de los planes que se deberán formular como parte del Plan Integral de Movilidad Sostenible y se presupuestará e incluirá dentro del cronograma de este.
I99: Gestión de tránsito y seguridad vial | J99: Mediano plazo | K99: Municipal | L99: Secretaría de Movilidad | N99: Tránsito y seguridad vial gestionada | O99: NA | U99: La Administración Distrital ha venido adelantando diferentes acciones y ejecutando proyectos de inversión que buscan Mejorar la capacidad de gestión y articulación del sistema de movilidad de Medellín y el Área Metropolitana en los procesos de planificación, operación y control, buscando un sistema de movilidad inteligente que avance en el cumplimiento de la política de Visión Cero en la ciudad.
I100: Formulación de políticas en materia de seguridad vial | J100: Mediano plazo | K100: Municipal | L100: Secretaría de Movilidad | M100: Ejecutado | N100: Asistentes a campañas de sensibilización y educación vial | O100: 1.78
I101: Peajes urbanos y cobro por conegstión | J101: Mediano plazo | K101: Municipal | L101: Secretaría de Movilidad | N101: Peajes urbanos y cobro por congestión implementados | O101: NA | U101: En el Distrito Medellín no se ha implementado la medida de Peajes urbanos y cobro por congestión implementados
C102: RI_a) Ejecutar el proyecto Parques del Río Medellín con el fin de generar espacio público de escala municipal, que recupere y potencie los valores ambientales y urbanísticos de la ciudad y contribuya a la disminución del déficit de espacio público. | D102: N/A | H102: Programa de Proyectos viales en el Municipio | I102: Proyecto Parque del Río | J102: Largo plazo | K102: Río | L102: Subdirección de Prospectiva, Información y Evaluación -Seguimiento a obra física | M102: En ejecución | N102: Parques del Río Medellín construido | O102: 0.5
C103: RI_c) Fortalecer las infraestructuras urbanas de soporte y la articulación de las áreas para la preservación de infraestructuras y del sistema público y colectivo –API– sobre el corredor longitudinal, mejorando la cualificación espacial y funcional de la ciudad. | I103: Proyecto Puente de la Madre Laura | J103: Corto plazo | K103: Río | L103: Subdirección de Prospectiva, Información y Evaluación -Seguimiento a obra física | M103: Ejecutado | N103: Puente de la Madre Laura construido | O103: 1
C104: M_f) Consolidar e incentivar la movilidad peatonal y los medios de transporte no motorizados, articulados al sistema integrado de transporte multimodal, posibilitando el acceso a los bienes y servicios que demanda la población en el territorio de una manera rápida, eficaz y oportuna en todas sus escalas. | I104: Actualización del Plan vial para la Ciudad de Medellín | J104: Corto plazo | K104: Municipal | L104: Subdirección de Planeación Territorial y Estratégica de Ciudad | M104: En ejecución | N104: Plan Vial para la ciudad de Medellín actualizado | O104: 0.95
C105: LU_a) Implementar corredores verdes para la movilidad y la conectividad ecológica y paisajística, en pro del equilibrio entre las funciones ambientales y la ocupación urbana. | I105: Proyecto Longitudinal Occidental | J105: Largo plazo | K105: Ladera Urbana | L105: Subdirección de Prospectiva, Información y Evaluación -Seguimiento a obra física | N105: Longitudinal Occidental construida | O105: ND | U105: No se reporta avance
...

Sheet MARCO E
A2: Elementos de la visión | B2: Objetivos estratégicos | C2: Estrategias
A3: 1. Sistema territorial en equilibrio para el ser humano | B3: 1. Orientar la equidad territorial y superar la segregación socio espacial, a través de un Sistema de Gestión para la Equidad Territorial a escala local, promoviendo como municipio núcleo, la articulación metropolitana y regional. | C3: M_b) Consolidar un sistema integrado de gestión que permita el reparto de cargas y beneficios como medio esencial para lograr la equidad territorial. | D3: C6 | E3: $C$3 | F3: $A$3 | G3: =+D3&"="&"Hoja1!"&E3&";Hoja1!"&F3 -> C6=Hoja1!$C$3;Hoja1!$A$3 | H3: =+G3 -> C6=Hoja1!$C$3;Hoja1!$A$3
A4: 3. Sistema territorial Integrado ecológica, espacial y funcionalmente al Sistema Público y Colectivo de su entorno nacional, regional y metropolitano, aportando así a la consolidación de "una región de ciudades" | B4: 2. Desarrollar el modelo de ocupación compacta y policéntrica con crecimiento hacia adentro, a través de la renovación de áreas de intervención estratégica del río, la consolidación del borde urbano-rural y la generación del nuevo eje de conexión regional oriente-occidente. | C4: RM_a) Participar en la ejecución de los proyectos estratégicos metropolitanos de liderazgo supramunicipal, de infraestructura para la movilidad y equipamientos de soporte a la competitividad, que fortalezcan la base económica regional en materia de centros logísticos, autopistas para la prosperidad, y un corredor transversal de conexión oriente-occidente. | D4: C6 | E4: $C$4 | F4: $A$4 | G4: =+D4&"="&"Hoja1!"&E4&";Hoja1!"&F4 -> C6=Hoja1!$C$4;Hoja1!$A$4 | H4: =+H3&";"&G4 -> C6=Hoja1!$C$3;Hoja1!$A$3;C6=Hoja1!$C$4;Hoja1!$A$4
A5: 3. Sistema territorial Integrado ecológica, espacial y funcionalmente al Sistema Público y Colectivo de su entorno nacional, regional y metropolitano, aportando así a la consolidación de "una región de ciudades" | B5: 2. Desarrollar el modelo de ocupación compacta y policéntrica con crecimiento hacia adentro, a través de la renovación de áreas de intervención estratégica del río, la consolidación del borde urbano-rural y la generación del nuevo eje de conexión regional oriente-occidente. | C5: M_c) Priorizar las áreas de intervención estratégica: Corredor del río (MEDRio) Cinturón verde metropolitano (MEDBorde Urbano Rural) y las transversalidades MED La Iguana y MED Santa Elena, a través de actuaciones urbanas integrales, desarrolladas con macroproyectos. El corredor del río será objeto de intervenciones graduales, consensuadas y planificadas con instrumentos participativos de gestión, que pongan en valor su importancia para la competitividad económica y la sostenibilidad de la ciudad y la región. | D5: C6 | E5: $C$5 | F5: $A$5 | G5: =+D5&"="&"Hoja1!"&E5&";Hoja1!"&F5 -> C6=Hoja1!$C$5;Hoja1!$A$5 | H5: =+H4&";"&G5 -> C6=Hoja1!$C$3;Hoja1!$A$3;C6=Hoja1!$C$4;Hoja1!$A$4;C6=Hoja1!$C$5;Hoja1!$A$5
A6: 3. Sistema territorial Integrado ecológica, espacial y funcionalmente al Sistema Público y Colectivo de su entorno nacional, regional y metropolitano, aportando así a la consolidación de "una región de ciudades" | B6: 2. Desarrollar el modelo de ocupación compacta y policéntrica con crecimiento hacia adentro, a través de la renovación de áreas de intervención estratégica del río, la consolidación del borde urbano-rural y la generación del nuevo eje de conexión regional oriente-occidente. | C6: LU_a) Implementar corredores verdes para la movilidad y la conectividad ecológica y paisajística, en pro del equilibrio entre las funciones ambientales y la ocupación urbana. | D6: C6 | E6: $C$6 | F6: $A$6 | G6: =+D6&"="&"Hoja1!"&E6&";Hoja1!"&F6 -> C6=Hoja1!$C$6;Hoja1!$A$6 | H6: =+H5&";"&G6 -> C6=Hoja1!$C$3;Hoja1!$A$3;C6=Hoja1!$C$4;Hoja1!$A$4;C6=Hoja1!$C$5;Hoja1!$A$5;C6=Hoja1!$C$6;Hoja1!$A$6
A7: 3. Sistema territorial Integrado ecológica, espacial y funcionalmente al Sistema Público y Colectivo de su entorno nacional, regional y metropolitano, aportando así a la consolidación de "una región de ciudades" | B7: 2. Desarrollar el modelo de ocupación compacta y policéntrica con crecimiento hacia adentro, a través de la renovación de áreas de intervención estratégica del río, la consolidación del borde urbano-rural y la generación del nuevo eje de conexión regional oriente-occidente. | C7: LU_c) Cualificar los barrios y las centralidades, promoviendo la compacidad urbana, con la proximidad de los lugares de habitación, trabajo y los servicios urbanos entre sí, mediante proyectos urbanos integrales en el ámbito de ladera, priorizando la localización de equipamientos, espacios públicos e infraestructuras. | D7: C6 | E7: $C$7 | F7: $A$7 | G7: =+D7&"="&"Hoja1!"&E7&";Hoja1!"&F7 -> C6=Hoja1!$C$7;Hoja1!$A$7 | H7: =+H6&";"&G7 -> C6=Hoja1!$C$3;Hoja1!$A$3;C6=Hoja1!$C$4;Hoja1!$A$4;C6=Hoja1!$C$5;Hoja1!$A$5;C6=Hoja1!$C$6;Hoja1!$A$6;C6=Hoja1!$C$7;Hoja1!$A$7
A8: 3. Sistema territorial Integrado ecológica, espacial y funcionalmente al Sistema Público y Colectivo de su entorno nacional, regional y metropolitano, aportando así a la consolidación de "una región de ciudades" | B8: 2. Desarrollar el modelo de ocupación compacta y policéntrica con crecimiento hacia adentro, a través de la renovación de áreas de intervención estratégica del río, la consolidación del borde urbano-rural y la generación del nuevo eje de conexión regional oriente-occidente. | C8: RI_c) Fortalecer las infraestructuras urbanas de soporte y la articulación de las áreas para la preservación de infraestructuras y del sistema público y colectivo –API– sobre el corredor longitudinal, mejorando la cualificación espacial y funcional de la ciudad. | D8: C6 | E8: $C$8 | F8: $A$8 | G8: =+D8&"="&"Hoja1!"&E8&";Hoja1!"&F8 -> C6=Hoja1!$C$8;Hoja1!$A$8 | H8: =+H7&";"&G8 -> C6=Hoja1!$C$3;Hoja1!$A$3;C6=Hoja1!$C$4;Hoja1!$A$4;C6=Hoja1!$C$5;Hoja1!$A$5;C6=Hoja1!$C$6;Hoja1!$A$6;C6=Hoja1!$C$7;Hoja1!$A$7;C6=Hoja1!$C$8;Hoja1!$A$8
A9: 8. Sistema territorial globalmente conectado y ambientalmente sostenible 5. Sistema territorial que valora su paisajes y geografía | B9: 3. Preservar la Estructura Ecológica Principal como elemento estructurante del territorio que constituye la base de la vida. | C9: RM_b)Implementar el cinturón verde metropolitano y concretar un sistema ecológico estructurante metropolitano como base natural prestadora de servicios ecosistémicos y como estrategia adaptativa a la situación de cambio climático. | D9: C6 | E9: $C$9 | F9: $A$9 | G9: =+D9&"="&"Hoja1!"&E9&";Hoja1!"&F9 -> C6=Hoja1!$C$9;Hoja1!$A$9 | H9: =+H8&";"&G9 -> C6=Hoja1!$C$3;Hoja1!$A$3;C6=Hoja1!$C$4;Hoja1!$A$4;C6=Hoja1!$C$5;Hoja1!$A$5;C6=Hoja1!$C$6;Hoja1!$A$6;C6=Hoja1!$C$7;Hoja1!$A$7;C6=Hoja1!$C$8;Hoja1!$A$8;C6=Hoja1!$C$9;Hoja1!$A$9
A10: 8. Sistema territorial globalmente conectado y ambientalmente sostenible | B10: 4. Promover el desarrollo de un territorio resiliente que de prelación a la atención de los factores y situaciones de riesgo en áreas de mayor vulnerabilidad social, favoreciendo la implementación de medidas de mitigación. | C10: M_a) Incorporar los mecanismos de actuación institucional coordinada, de mitigación y de adaptación al cambio climático y la gestión del riesgo. | D10: C6 | E10: $C$10 | F10: $A$10 | G10: =+D10&"="&"Hoja1!"&E10&";Hoja1!"&F10 -> C6=Hoja1!$C$10;Hoja1!$A$10 | H10: =+H9&";"&G10 -> C6=Hoja1!$C$3;Hoja1!$A$3;C6=Hoja1!$C$4;Hoja1!$A$4;C6=Hoja1!$C$5;Hoja1!$A$5;C6=Hoja1!$C$6;Hoja1!$A$6;C6=Hoja1!$C$7;Hoja1!$A$7;C6=Hoja1!$C$8;Hoja1!$A$8;C6=Hoja1!$C$9;Hoja1!$A$9;C6=Hoja1!$C$10;Hoja1!$A$10
C11: BU_Implementar el programa de Mejoramiento integral de barrios, priorizando las áreas con condiciones de riesgo y mayor vulnerabilidad socioeconómica, ambiental y urbanística. | D11: C6 | E11: $C$11 | F11: $A$11 | G11: =+D11&"="&"Hoja1!"&E11&";Hoja1!"&F11 -> C6=Hoja1!$C$11;Hoja1!$A$11 | H11: =+H10&";"&G11 -> C6=Hoja1!$C$3;Hoja1!$A$3;C6=Hoja1!$C$4;Hoja1!$A$4;C6=Hoja1!$C$5;Hoja1!$A$5;C6=Hoja1!$C$6;Hoja1!$A$6;C6=Hoja1!$C$7;Hoja1!$A$7;C6=Hoja1!$C$8;Hoja1!$A$8;C6=Hoja1!$C$9;Hoja1!$A$9;C6=Hoja1!$C$10;Hoja1!$A$10;C6=Hoja1!$C$11;Hoja1!$A$11
A12: 3. Sistema territorial Integrado ecológica, espacial y funcionalmente al Sistema Público y Colectivo de su entorno nacional, regional y metropolitano, aportando así a la consolidación de "una región de ciudades" | B12: 5. Consolidar el espacio público como elemento estructurante del territorio y factor de enriquecimiento de la vida cotidiana y sitio de encuentro de la población. Integrando la Estructura Ecológica Principal y los elementos del Subsistema de Patrimonio Cultural Inmueble. | C12: M_d) Consolidar el subsistema de espacio público, incorporando las áreas de la estructura ecológica principal susceptibles de aprovechamiento para el encuentro ciudadano, así como aquellos inmuebles de oportunidad que se ubican a lo largo del territorio municipal, articulados al sistema de centralidades. | D12: C6 | E12: $C$12 | F12: $A$12 | G12: =+D12&"="&"Hoja1!"&E12&";Hoja1!"&F12 -> C6=Hoja1!$C$12;Hoja1!$A$12 | H12: =+H11&";"&G12 -> C6=Hoja1!$C$3;Hoja1!$A$3;C6=Hoja1!$C$4;Hoja1!$A$4;C6=Hoja1!$C$5;Hoja1!$A$5;C6=Hoja1!$C$6;Hoja1!$A$6;C6=Hoja1!$C$7;Hoja1!$A$7;C6=Hoja1!$C$8;Hoja1!$A$8;C6=Hoja1!$C$9;Hoja1!$A$9;C6=Hoja1!$C$10;Hoja1!$A$10;C6=Hoja1!$C$11;Hoja1!$A$11;C6=Hoja1!$C$12;Hoja1!$A$12
A13: 3. Sistema territorial Integrado ecológica, espacial y funcionalmente al Sistema Público y Colectivo de su entorno nacional, regional y metropolitano, aportando así a la consolidación de "una región de ciudades" | B13: 5. Consolidar el espacio público como elemento estructurante del territorio y factor de enriquecimiento de la vida cotidiana y sitio de encuentro de la población. Integrando la Estructura Ecológica Principal y los elementos del Subsistema de Patrimonio Cultural Inmueble. | C13: M_e) Implementar instrumentos de gestión, tendientes a la protección, rehabilitación y sostenibilidad del patrimonio cultural inmueble y sus zonas de influencia. | D13: C6 | E13: $C$13 | F13: $A$13 | G13: =+D13&"="&"Hoja1!"&E13&";Hoja1!"&F13 -> C6=Hoja1!$C$13;Hoja1!$A$13 | H13: =+H12&";"&G13 -> C6=Hoja1!$C$3;Hoja1!$A$3;C6=Hoja1!$C$4;Hoja1!$A$4;C6=Hoja1!$C$5;Hoja1!$A$5;C6=Hoja1!$C$6;Hoja1!$A$6;C6=Hoja1!$C$7;Hoja1!$A$7;C6=Hoja1!$C$8;Hoja1!$A$8;C6=Hoja1!$C$9;Hoja1!$A$9;C6=Hoja1!$C$10;Hoja1!$A$10;C6=Hoja1!$C$11;Hoja1!$A$11;C6=Hoja1!$C$12;Hoja1!$A$12;C6=Hoja1!$C$13;Hoja1!$A$13
A14: 3. Sistema territorial Integrado ecológica, espacial y funcionalmente al Sistema Público y Colectivo de su entorno nacional, regional y metropolitano, aportando así a la consolidación de "una región de ciudades" | B14: 5. Consolidar el espacio público como elemento estructurante del territorio y factor de enriquecimiento de la vida cotidiana y sitio de encuentro de la población. Integrando la Estructura Ecológica Principal y los elementos del Subsistema de Patrimonio Cultural Inmueble. | C14: BR_Crear un sistema de ecoparques de borde de alta apropiación, a través del cinturón verde metropolitano, con el fin de proteger las áreas de valor paisajístico y ambiental, contener la expansión urbana y desestimular la suburbanización. | D14: C6 | E14: $C$14 | F14: $A$14 | G14: =+D14&"="&"Hoja1!"&E14&";Hoja1!"&F14 -> C6=Hoja1!$C$14;Hoja1!$A$14 | H14: =+H13&";"&G14 -> C6=Hoja1!$C$3;Hoja1!$A$3;C6=Hoja1!$C$4;Hoja1!$A$4;C6=Hoja1!$C$5;Hoja1!$A$5;C6=Hoja1!$C$6;Hoja1!$A$6;C6=Hoja1!$C$7;Hoja1!$A$7;C6=Hoja1!$C$8;Hoja1!$A$8;C6=Hoja1!$C$9;Hoja1!$A$9;C6=Hoja1!$C$10;Hoja1!$A$10;C6=Hoja1!$C$11;Hoja1!$A$11;C6=Hoja1!$C$12;Hoja1!$A$12;C6=Hoja1!$C$13;Hoja1!$A$13;C6=Hoja1!$C$14;Hoja1!$A$14
A15: 3. Sistema territorial Integrado ecológica, espacial y funcionalmente al Sistema Público y Colectivo de su entorno nacional, regional y metropolitano, aportando así a la consolidación de "una región de ciudades" | B15: 5. Consolidar el espacio público como elemento estructurante del territorio y factor de enriquecimiento de la vida cotidiana y sitio de encuentro de la población. Integrando la Estructura Ecológica Principal y los elementos del Subsistema de Patrimonio Cultural Inmueble. | C15: RI_a) Ejecutar el proyecto Parques del Río Medellín con el fin de generar espacio público de escala municipal, que recupere y potencie los valores ambientales y urbanísticos de la ciudad y contribuya a la disminución del déficit de espacio público. | D15: C6 | E15: $C$15 | F15: $A$15 | G15: =+D15&"="&"Hoja1!"&E15&";Hoja1!"&F15 -> C6=Hoja1!$C$15;Hoja1!$A$15 | H15: =+H14&";"&G15 -> C6=Hoja1!$C$3;Hoja1!$A$3;C6=Hoja1!$C$4;Hoja1!$A$4;C6=Hoja1!$C$5;Hoja1!$A$5;C6=Hoja1!$C$6;Hoja1!$A$6;C6=Hoja1!$C$7;Hoja1!$A$7;C6=Hoja1!$C$8;Hoja1!$A$8;C6=Hoja1!$C$9;Hoja1!$A$9;C6=Hoja1!$C$10;Hoja1!$A$10;C6=Hoja1!$C$11;Hoja1!$A$11;C6=Hoja1!$C$12;Hoja1!$A$12;C6=Hoja1!$C$13;Hoja1!$A$13;C6=Hoja1!$C$14;Hoja1!$A$14;C6=Hoja1!$C$15;Hoja1!$A$15
A16: 4. Sistema territorial con plena efectividad de los derechos sociales y colectivos | B16: 6. Promover el acceso a la vivienda digna en los procesos de mejoramiento integral, consolidación y construcción del hábitat sostenible como escenarios de cohesión social y territorial, para disminuir el déficit cuantitativo y cualitativo de vivienda, bajo una perspectiva de cooperación regional. | C16: RM_c) Promover una política regional de vivienda y suelo asequible en el marco de un sistema de reparto equitativo a escala municipal. | D16: C6 | E16: $C$16 | F16: $A$16 | G16: =+D16&"="&"Hoja1!"&E16&";Hoja1!"&F16 -> C6=Hoja1!$C$16;Hoja1!$A$16 | H16: =+H15&";"&G16 -> C6=Hoja1!$C$3;Hoja1!$A$3;C6=Hoja1!$C$4;Hoja1!$A$4;C6=Hoja1!$C$5;Hoja1!$A$5;C6=Hoja1!$C$6;Hoja1!$A$6;C6=Hoja1!$C$7;Hoja1!$A$7;C6=Hoja1!$C$8;Hoja1!$A$8;C6=Hoja1!$C$9;Hoja1!$A$9;C6=Hoja1!$C$10;Hoja1!$A$10;C6=Hoja1!$C$11;Hoja1!$A$11;C6=Hoja1!$C$12;Hoja1!$A$12;C6=Hoja1!$C$13;Hoja1!$A$13;C6=Hoja1!$C$14;Hoja1!$A$14;C6=Hoja1!$C$15;Hoja1!$A$15;C6=Hoja1!$C$16;Hoja1!$A$16
C17: RM_d) Promover y participar en la concertación e implementación de acuerdos metropolitanos y regionales en torno a una agenda concurrente de hábitat incluyente y sostenible que tiene retos comunes desde la perspectiva del desarrollo humano integral. | D17: C6 | E17: $C$17 | F17: $A$17 | G17: =+D17&"="&"Hoja1!"&E17&";Hoja1!"&F17 -> C6=Hoja1!$C$17;Hoja1!$A$17 | H17: =+H16&";"&G17 -> C6=Hoja1!$C$3;Hoja1!$A$3;C6=Hoja1!$C$4;Hoja1!$A$4;C6=Hoja1!$C$5;Hoja1!$A$5;C6=Hoja1!$C$6;Hoja1!$A$6;C6=Hoja1!$C$7;Hoja1!$A$7;C6=Hoja1!$C$8;Hoja1!$A$8;C6=Hoja1!$C$9;Hoja1!$A$9;C6=Hoja1!$C$10;Hoja1!$A$10;C6=Hoja1!$C$11;Hoja1!$A$11;C6=Hoja1!$C$12;Hoja1!$A$12;C6=Hoja1!$C$13;Hoja1!$A$13;C6=Hoja1!$C$14;Hoja1!$A$14;C6=Hoja1!$C$15;Hoja1!$A$15;C6=Hoja1!$C$16;Hoja1!$A$16;C6=Hoja1!$C$17;Hoja1!$A$17
A18: 6. Sistema territorial que promueve la competitividad y el desarrollo rural | B18: 7. Apoyar y fomentar el desarrollo rural por medio de la producción sostenible y agroecológica a través de explotaciones agrícolas familiares, buscando configurar una sistema de seguridad y soberanía alimentaria, en armonía con la protección ambiental, la biodiversidad, los recursos y servicios ambientales, así como las características de su hábitat en el entorno metropolitano, para el mejoramiento sostenido de la calidad de vida de la población rural, procurando asegurar una efectiva y eficiente contribución de la economía rural al proceso de desarrollo. | C18: R_a) Intervenir los suelos suburbanos, tales como centros poblados, corredores viales suburbanos, áreas para equipamientos, áreas de alta presión en transformación y aquellas que requieren mejoramiento del hábitat rural y sostenibilidad ambiental, a través de la implementación de Unidades de Planificación Rural. | D18: C6 | E18: $C$18 | F18: $A$18 | G18: =+D18&"="&"Hoja1!"&E18&";Hoja1!"&F18 -> C6=Hoja1!$C$18;Hoja1!$A$18 | H18: =+H17&";"&G18 -> C6=Hoja1!$C$3;Hoja1!$A$3;C6=Hoja1!$C$4;Hoja1!$A$4;C6=Hoja1!$C$5;Hoja1!$A$5;C6=Hoja1!$C$6;Hoja1!$A$6;C6=Hoja1!$C$7;Hoja1!$A$7;C6=Hoja1!$C$8;Hoja1!$A$8;C6=Hoja1!$C$9;Hoja1!$A$9;C6=Hoja1!$C$10;Hoja1!$A$10;C6=Hoja1!$C$11;Hoja1!$A$11;C6=Hoja1!$C$12;Hoja1!$A$12;C6=Hoja1!$C$13;Hoja1!$A$13;C6=Hoja1!$C$14;Hoja1!$A$14;C6=Hoja1!$C$15;Hoja1!$A$15;C6=Hoja1!$C$16;Hoja1!$A$16;C6=Hoja1!$C$17;Hoja1!$A$17;C6=Hoja1!$C$18;Hoja1!$A$18
A19: 6. Sistema territorial que promueve la competitividad y el desarrollo rural | B19: 7. Apoyar y fomentar el desarrollo rural por medio de la producción sostenible y agroecológica a través de explotaciones agrícolas familiares, buscando configurar una sistema de seguridad y soberanía alimentaria, en armonía con la protección ambiental, la biodiversidad, los recursos y servicios ambientales, así como las características de su hábitat en el entorno metropolitano, para el mejoramiento sostenido de la calidad de vida de la población rural, procurando asegurar una efectiva y eficiente contribución de la economía rural al proceso de desarrollo. | C19: R_b) Establecer la política de sostenibilidad de los suelos rurales promoviendo la provisión de bienes y servicios ambientales y configurando el sistema de reparto equitativo de cargas y beneficios con los suelos urbanos. | D19: C6 | E19: $C$19 | F19: $A$19 | G19: =+D19&"="&"Hoja1!"&E19&";Hoja1!"&F19 -> C6=Hoja1!$C$19;Hoja1!$A$19 | H19: =+H18&";"&G19 -> C6=Hoja1!$C$3;Hoja1!$A$3;C6=Hoja1!$C$4;Hoja1!$A$4;C6=Hoja1!$C$5;Hoja1!$A$5;C6=Hoja1!$C$6;Hoja1!$A$6;C6=Hoja1!$C$7;Hoja1!$A$7;C6=Hoja1!$C$8;Hoja1!$A$8;C6=Hoja1!$C$9;Hoja1!$A$9;C6=Hoja1!$C$10;Hoja1!$A$10;C6=Hoja1!$C$11;Hoja1!$A$11;C6=Hoja1!$C$12;Hoja1!$A$12;C6=Hoja1!$C$13;Hoja1!$A$13;C6=Hoja1!$C$14;Hoja1!$A$14;C6=Hoja1!$C$15;Hoja1!$A$15;C6=Hoja1!$C$16;Hoja1!$A$16;C6=Hoja1!$C$17;Hoja1!$A$17;C6=Hoja1!$C$18;Hoja1!$A$18;C6=Hoja1!$C$19;Hoja1!$A$19
A20: 6. Sistema territorial que promueve la competitividad y el desarrollo rural | B20: 7. Apoyar y fomentar el desarrollo rural por medio de la producción sostenible y agroecológica a través de explotaciones agrícolas familiares, buscando configurar una sistema de seguridad y soberanía alimentaria, en armonía con la protección ambiental, la biodiversidad, los recursos y servicios ambientales, así como las características de su hábitat en el entorno metropolitano, para el mejoramiento sostenido de la calidad de vida de la población rural, procurando asegurar una efectiva y eficiente contribución de la economía rural al proceso de desarrollo. | C20: R_c) Fomentar y consolidar el fortalecimiento de la actividad productiva agroecológica en el suelo rural, en desarrollo de la normativa municipal constituida como una red de espacios y de agricultores en el área metropolitana. | D20: C6 | E20: $C$20 | F20: $A$20 | G20: =+D20&"="&"Hoja1!"&E20&";Hoja1!"&F20 -> C6=Hoja1!$C$20;Hoja1!$A$20 | H20: =+H19&";"&G20 -> C6=Hoja1!$C$3;Hoja1!$A$3;C6=Hoja1!$C$4;Hoja1!$A$4;C6=Hoja1!$C$5;Hoja1!$A$5;C6=Hoja1!$C$6;Hoja1!$A$6;C6=Hoja1!$C$7;Hoja1!$A$7;C6=Hoja1!$C$8;Hoja1!$A$8;C6=Hoja1!$C$9;Hoja1!$A$9;C6=Hoja1!$C$10;Hoja1!$A$10;C6=Hoja1!$C$11;Hoja1!$A$11;C6=Hoja1!$C$12;Hoja1!$A$12;C6=Hoja1!$C$13;Hoja1!$A$13;C6=Hoja1!$C$14;Hoja1!$A$14;C6=Hoja1!$C$15;Hoja1!$A$15;C6=Hoja1!$C$16;Hoja1!$A$16;C6=Hoja1!$C$17;Hoja1!$A$17;C6=Hoja1!$C$18;Hoja1!$A$18;C6=Hoja1!$C$19;Hoja1!$A$19;C6=Hoja1!$C$20;Hoja1!$A$20
A21: 2. Sistema territorial culturalmente rico y plural 7. Sistema territorial que hereda a las futuras generaciones un territorio socialmente incluyente | B21: 8. Fortalecer y promocionar una cultura de la participación ciudadana en todas las etapas de los procesos de planeación y gestión territorial. | D21: C6 | E21: $C$21 | F21: $A$21 | G21: =+D21&"="&"Hoja1!"&E21&";Hoja1!"&F21 -> C6=Hoja1!$C$21;Hoja1!$A$21 | H21: =+H20&";"&G21 -> C6=Hoja1!$C$3;Hoja1!$A$3;C6=Hoja1!$C$4;Hoja1!$A$4;C6=Hoja1!$C$5;Hoja1!$A$5;C6=Hoja1!$C$6;Hoja1!$A$6;C6=Hoja1!$C$7;Hoja1!$A$7;C6=Hoja1!$C$8;Hoja1!$A$8;C6=Hoja1!$C$9;Hoja1!$A$9;C6=Hoja1!$C$10;Hoja1!$A$10;C6=Hoja1!$C$11;Hoja1!$A$11;C6=Hoja1!$C$12;Hoja1!$A$12;C6=Hoja1!$C$13;Hoja1!$A$13;C6=Hoja1!$C$14;Hoja1!$A$14;C6=Hoja1!$C$15;Hoja1!$A$15;C6=Hoja1!$C$16;Hoja1!$A$16;C6=Hoja1!$C$17;Hoja1!$A$17;C6=Hoja1!$C$18;Hoja1!$A$18;C6=Hoja1!$C$19;Hoja1!$A$19;C6=Hoja1!$C$20;Hoja1!$A$20;C6=Hoja1!$C$21;Hoja1!$A$21
A22: 1. Sistema territorial en equilibrio para el ser humano | B22: 9. Preparar la sociedad para la resolución pacífica de conflictos territoriales y el postconflicto, a partir de una política de inclusión en los procesos de planeación del desarrollo y el ordenamiento territorial. | D22: C6 | E22: $C$22 | F22: $A$22 | G22: =+D22&"="&"Hoja1!"&E22&";Hoja1!"&F22 -> C6=Hoja1!$C$22;Hoja1!$A$22 | H22: =+H21&";"&G22 -> C6=Hoja1!$C$3;Hoja1!$A$3;C6=Hoja1!$C$4;Hoja1!$A$4;C6=Hoja1!$C$5;Hoja1!$A$5;C6=Hoja1!$C$6;Hoja1!$A$6;C6=Hoja1!$C$7;Hoja1!$A$7;C6=Hoja1!$C$8;Hoja1!$A$8;C6=Hoja1!$C$9;Hoja1!$A$9;C6=Hoja1!$C$10;Hoja1!$A$10;C6=Hoja1!$C$11;Hoja1!$A$11;C6=Hoja1!$C$12;Hoja1!$A$12;C6=Hoja1!$C$13;Hoja1!$A$13;C6=Hoja1!$C$14;Hoja1!$A$14;C6=Hoja1!$C$15;Hoja1!$A$15;C6=Hoja1!$C$16;Hoja1!$A$16;C6=Hoja1!$C$17;Hoja1!$A$17;C6=Hoja1!$C$18;Hoja1!$A$18;C6=Hoja1!$C$19;Hoja1!$A$19;C6=Hoja1!$C$20;Hoja1!$A$20;C6=Hoja1!$C$21;Hoja1!$A$21;C6=Hoja1!$C$22;Hoja1!$A$22
A23: 9. Sistema con estrategias de desarrollo económico, en un contexto regional y metropolitano | B23: 10. Consolidar una plataforma territorial para la competitividad regional basada en el fomento de los proyectos regionales de desarrollo económico, potenciando los circuitos económicos existentes, la integración de los clústers estratégicos de proyección internacional y la economía solidaria local, promoviendo la generación de espacios para el desarrollo y permanencia de actividades económicas, que hagan sostenible el desarrollo económico de la ciudad y su población siempre y cuando guarden armonía con el régimen de usos del suelo del Plan. | C23: LU_b) Regular y controlar la responsable mezcla de usos con la puesta en marcha de Protocolos Ambientales y Urbanísticos – PAU - para mitigar los impactos sociales, ambientales y urbanísticos entre los diferentes usos del suelo. | D23: C6 | E23: $C$23 | F23: $A$23 | G23: =+D23&"="&"Hoja1!"&E23&";Hoja1!"&F23 -> C6=Hoja1!$C$23;Hoja1!$A$23 | H23: =+H22&";"&G23 -> C6=Hoja1!$C$3;Hoja1!$A$3;C6=Hoja1!$C$4;Hoja1!$A$4;C6=Hoja1!$C$5;Hoja1!$A$5;C6=Hoja1!$C$6;Hoja1!$A$6;C6=Hoja1!$C$7;Hoja1!$A$7;C6=Hoja1!$C$8;Hoja1!$A$8;C6=Hoja1!$C$9;Hoja1!$A$9;C6=Hoja1!$C$10;Hoja1!$A$10;C6=Hoja1!$C$11;Hoja1!$A$11;C6=Hoja1!$C$12;Hoja1!$A$12;C6=Hoja1!$C$13;Hoja1!$A$13;C6=Hoja1!$C$14;Hoja1!$A$14;C6=Hoja1!$C$15;Hoja1!$A$15;C6=Hoja1!$C$16;Hoja1!$A$16;C6=Hoja1!$C$17;Hoja1!$A$17;C6=Hoja1!$C$18;Hoja1!$A$18;C6=Hoja1!$C$19;Hoja1!$A$19;C6=Hoja1!$C$20;Hoja1!$A$20;C6=Hoja1!$C$21;Hoja1!$A$21;C6=Hoja1!$C$22;Hoja1!$A$22;C6=Hoja1!$C$23;Hoja1!$A$23
A24: 9. Sistema con estrategias de desarrollo económico, en un contexto regional y metropolitano | B24: 10. Consolidar una plataforma territorial para la competitividad regional basada en el fomento de los proyectos regionales de desarrollo económico, potenciando los circuitos económicos existentes, la integración de los clústers estratégicos de proyección internacional y la economía solidaria local, promoviendo la generación de espacios para el desarrollo y permanencia de actividades económicas, que hagan sostenible el desarrollo económico de la ciudad y su población siempre y cuando guarden armonía con el régimen de usos del suelo del Plan. | C24: RI_b) Fomentar la diversificación de los usos del suelo, aumentando la mezcla de actividades urbanas y la vivienda supeditada a la implementación de protocolos ambientales y urbanísticos -PAU-. | D24: C6 | E24: $C$24 | F24: $A$24 | G24: =+D24&"="&"Hoja1!"&E24&";Hoja1!"&F24 -> C6=Hoja1!$C$24;Hoja1!$A$24 | H24: =+H23&";"&G24 -> C6=Hoja1!$C$3;Hoja1!$A$3;C6=Hoja1!$C$4;Hoja1!$A$4;C6=Hoja1!$C$5;Hoja1!$A$5;C6=Hoja1!$C$6;Hoja1!$A$6;C6=Hoja1!$C$7;Hoja1!$A$7;C6=Hoja1!$C$8;Hoja1!$A$8;C6=Hoja1!$C$9;Hoja1!$A$9;C6=Hoja1!$C$10;Hoja1!$A$10;C6=Hoja1!$C$11;Hoja1!$A$11;C6=Hoja1!$C$12;Hoja1!$A$12;C6=Hoja1!$C$13;Hoja1!$A$13;C6=Hoja1!$C$14;Hoja1!$A$14;C6=Hoja1!$C$15;Hoja1!$A$15;C6=Hoja1!$C$16;Hoja1!$A$16;C6=Hoja1!$C$17;Hoja1!$A$17;C6=Hoja1!$C$18;Hoja1!$A$18;C6=Hoja1!$C$19;Hoja1!$A$19;C6=Hoja1!$C$20;Hoja1!$A$20;C6=Hoja1!$C$21;Hoja1!$A$21;C6=Hoja1!$C$22;Hoja1!$A$22;C6=Hoja1!$C$23;Hoja1!$A$23;C6=Hoja1!$C$24;Hoja1!$A$24
A25: 3. Sistema territorial Integrado ecológica, espacial y funcionalmente al Sistema Público y Colectivo de su entorno nacional, regional y metropolitano, aportando así a la consolidación de "una región de ciudades" | B25: 11. Mejorar la conectividad y accesibilidad en el territorio, priorizando la movilidad no motorizada, regulando de manera adecuada el uso del vehículo privado. | C25: M_f) Consolidar e incentivar la movilidad peatonal y los medios de transporte no motorizados, articulados al sistema integrado de transporte multimodal, posibilitando el acceso a los bienes y servicios que demanda la población en el territorio de una manera rápida, eficaz y oportuna en todas sus escalas. | D25: C6 | E25: $C$25 | F25: $A$25 | G25: =+D25&"="&"Hoja1!"&E25&";Hoja1!"&F25 -> C6=Hoja1!$C$25;Hoja1!$A$25 | H25: =+H24&";"&G25 -> C6=Hoja1!$C$3;Hoja1!$A$3;C6=Hoja1!$C$4;Hoja1!$A$4;C6=Hoja1!$C$5;Hoja1!$A$5;C6=Hoja1!$C$6;Hoja1!$A$6;C6=Hoja1!$C$7;Hoja1!$A$7;C6=Hoja1!$C$8;Hoja1!$A$8;C6=Hoja1!$C$9;Hoja1!$A$9;C6=Hoja1!$C$10;Hoja1!$A$10;C6=Hoja1!$C$11;Hoja1!$A$11;C6=Hoja1!$C$12;Hoja1!$A$12;C6=Hoja1!$C$13;Hoja1!$A$13;C6=Hoja1!$C$14;Hoja1!$A$14;C6=Hoja1!$C$15;Hoja1!$A$15;C6=Hoja1!$C$16;Hoja1!$A$16;C6=Hoja1!$C$17;Hoja1!$A$17;C6=Hoja1!$C$18;Hoja1!$A$18;C6=Hoja1!$C$19;Hoja1!$A$19;C6=Hoja1!$C$20;Hoja1!$A$20;C6=Hoja1!$C$21;Hoja1!$A$21;C6=Hoja1!$C$22;Hoja1!$A$22;C6=Hoja1!$C$23;Hoja1!$A$23;C6=Hoja1!$C$24;Hoja1!$A$24;C6=Hoja1!$C$25;Hoja1!$A$25
A26: 8. Sistema territorial globalmente conectado y ambientalmente sostenible | B26: 12. Generar y cualificar la infraestructura para la prestación y el acceso a los servicios públicos, como un instrumento para el desarrollo municipal y la inclusión socio espacial, con base en la eficiencia, oportunidad, seguridad, innovación y sostenibilidad ambiental. | C26: M_b) Consolidar un sistema integrado de gestión que permita el reparto de cargas y beneficios como medio esencial para lograr la equidad territorial. | D26: C6 | E26: $C$26 | F26: $A$26 | G26: =+D26&"="&"Hoja1!"&E26&";Hoja1!"&F26 -> C6=Hoja1!$C$26;Hoja1!$A$26 | H26: =+H25&";"&G26 -> C6=Hoja1!$C$3;Hoja1!$A$3;C6=Hoja1!$C$4;Hoja1!$A$4;C6=Hoja1!$C$5;Hoja1!$A$5;C6=Hoja1!$C$6;Hoja1!$A$6;C6=Hoja1!$C$7;Hoja1!$A$7;C6=Hoja1!$C$8;Hoja1!$A$8;C6=Hoja1!$C$9;Hoja1!$A$9;C6=Hoja1!$C$10;Hoja1!$A$10;C6=Hoja1!$C$11;Hoja1!$A$11;C6=Hoja1!$C$12;Hoja1!$A$12;C6=Hoja1!$C$13;Hoja1!$A$13;C6=Hoja1!$C$14;Hoja1!$A$14;C6=Hoja1!$C$15;Hoja1!$A$15;C6=Hoja1!$C$16;Hoja1!$A$16;C6=Hoja1!$C$17;Hoja1!$A$17;C6=Hoja1!$C$18;Hoja1!$A$18;C6=Hoja1!$C$19;Hoja1!$A$19;C6=Hoja1!$C$20;Hoja1!$A$20;C6=Hoja1!$C$21;Hoja1!$A$21;C6=Hoja1!$C$22;Hoja1!$A$22;C6=Hoja1!$C$23;Hoja1!$A$23;C6=Hoja1!$C$24;Hoja1!$A$24;C6=Hoja1!$C$25;Hoja1!$A$25;C6=Hoja1!$C$26;Hoja1!$A$26
C27: M_a) Incorporar los mecanismos de actuación institucional coordinada, de mitigación y de adaptación al cambio climático y la gestión del riesgo. | H27: C6=Hoja1!$C$3;Hoja1!$A$3;C6=Hoja1!$C$4;Hoja1!$A$4;C6=Hoja1!$C$5;Hoja1!$A$5;C6=Hoja1!$C$6;Hoja1!$A$6;C6=Hoja1!$C$7;Hoja1!$A$7;C6=Hoja1!$C$8;Hoja1!$A$8;C6=Hoja1!$C$9;Hoja1!$A$9;C6=Hoja1!$C$10;Hoja1!$A$10;C6=Hoja1!$C$11;Hoja1!$A$11;C6=Hoja1!$C$12;Hoja1!$A$12;C6=Hoja1!$C$13;Hoja1!$A$13;C6=Hoja1!$C$14;Hoja1!$A$14;C6=Hoja1!$C$15;Hoja1!$A$15;C6=Hoja1!$C$16;Hoja1!$A$16;C6=Hoja1!$C$17;Hoja1!$A$17;C6=Hoja1!$C$18;Hoja1!$A$18;C6=Hoja1!$C$19;Hoja1!$A$19;C6=Hoja1!$C$20;Hoja1!$A$20;C6=Hoja1!$C$21;Hoja1!$A$21;C6=Hoja1!$C$22;Hoja1!$A$22;C6=Hoja1!$C$23;Hoja1!$A$23;C6=Hoja1!$C$24;Hoja1!$A$24;C6=Hoja1!$C$25;Hoja1!$A$25;C6=Hoja1!$C$26;Hoja1!$A$26
A39: 1

Sheet Hoja2
E3: CONVENCIONES ESTADO
C4: E | E4: E: EN EJECUCIÓN
C5: X | E5: X: EJECUTADO
C6: O | E6: O: SIN EJECUTAR
F8: FINES | G8: SUBSISTEMA | H8: No PROYECTOS | I8: RESPONSABLE
G9: Espacio público | H9: 11 | I9: Isa
F10: X | G10: Servicios públicos | H10: 8 | I10: Adriana
G11: Movilidad | H11: 51 | I11: Ana
G12: Habitacional | H12: 27 | I12: Isa
G13: Tratamientos | H13: 13 | I13: Isa
F14: X | G14: Planific. Complementaria | H14: 3 | I14: Adriana
F15: X | G15: Riesgo ambiental | H15: 16 | I15: Adriana
F16: X | G16: Adaptación cambio climático | H16: 2 | I16: Adriana
F17: X | G17: Gestión Instrumentos | H17: 15 | I17: Adriana
F18: X | G18: Gestión del conocimiento y participación | H18: 6 | I18: Adriana
G22: TEXTOS
G23: SUBSISTEMA | H23: RESPONSABLE
G24: Espacio público | H24: Isa | I24: X
G25: Servicios públicos | H25: Adriana | I25: X
G26: Movilidad | H26: Ana | I26: X
G27: Habitacional | H27: Isa | I27: X
G28: Tratamientos | H28: Isa | I28: X
G29: Planific. Complementaria | H29: Ana | I29: X
G30: Riesgo ambiental | H30: Adriana | I30: X
G31: Adaptación cambio climático | H31: Ana | I31: X
G32: Gestión Instrumentos | H32: Adriana | I32: X
G33: Gestión del conocimiento y participación | H33: Adriana | I33: X
G34: Estructura Ecologica | H34: Ana | I34: X
